 Dungeon Crawl Stone Soup version 0.31-a0-702-gf82c85558f (webtiles) character file.

Game seed: 16413563732424455560

67 qw the Shooter (level 4, -1/28 HPs)
             Began as a Gargoyle Hunter on Sept 7, 2023.
             Slain by a goblin
             ... wielding a +0 club
             ... led by Robin
              (3 damage)
             ... on level 2 of the Dungeon.
             The game lasted 00:00:37 (1390 turns).

qw the Shooter (Gargoyle Hunter)                    Turns: 1390, Time: 00:00:38

Health: -1/28      AC:  6    Str: 15    XL:     4   Next: 16%
Magic:  4/4        EV: 11    Int:  9    God:
Gold:   62         SH:  0    Dex: 15    Spells: 3/3 levels left

rFire   . . .        Y - +0 shortbow
rCold   . . .        (shield currently unavailable)
rNeg    + . .        c - +0 leather armour
rPois   inf          (no helmet)
rElec   +            (no cloak)
rCorr   .            (no gloves)
SInv    .            (no boots)
Will    .....        (no amulet)
Stlth   ++           (no ring)
HPRegen 0.24/turn    (no ring)
MPRegen 0.09/turn

%: no passive effects
@: no status effects
A: sickness immunity, AC +3, negative energy resistance 1, electricity
resistance, torment resistance 1, petrification resistance
a: no special abilities


You were on level 2 of the Dungeon.
You visited 1 branch of the dungeon, and saw 2 of its levels.

You collected 134 gold pieces.
You spent 72 gold pieces at shops.


Innate Abilities, Weirdness & Mutations

You are immune to sickness and miasma.
Your stone body is resilient. (AC +3)
You are immune to poison.
You resist negative energy. (rN+)
You are resistant to electric shocks. (rElec)
You are resistant to unholy torment.
You are immune to petrification.


   Skills:
 - Level 3.0 Fighting
 + Level 5.2 Ranged Weapons
 - Level 1.5 Dodging
 - Level 1.1 Stealth


You had 3 spell levels left.
You didn't know any spells.
Your spell library was empty.

Inventory:

Hand Weapons
 Y - a +0 shortbow (weapon)
Armour
 c - a +0 leather armour (worn)
Scrolls
 d - a scroll of noise {unknown}
 g - 2 scrolls of identify
 h - a scroll of vulnerability {unknown}
Potions
 a - 2 potions of degeneration {unknown}
 b - a potion of might {unknown}
 e - a potion of magic {unknown}
 f - a potion of brilliance {unknown}

Dungeon Overview and Level Annotations

Branches:
Dungeon (2/15)

Altars:

Shops:
D:2 =(**

Annotations:
D:2 Robin


Message History

You shoot an arrow.
The arrow hits the ball python but does no damage.
The ball python bites you but does no damage.
The ball python constricts you.
The goblin hits you but does no damage. x2
The hobgoblin barely misses you.
You shoot an arrow. The arrow hits the ball python.
You kill the ball python!
The goblin closely misses you. The hobgoblin closely misses you.
The goblin barely misses you.
You shoot an arrow. The arrow barely misses the hobgoblin.
The frilled lizard misses you. The goblin misses you.
The hobgoblin hits you but does no damage.
The goblin hits you with a +0 club.
You shoot an arrow. The arrow barely misses the hobgoblin.
The frilled lizard misses you. The goblin hits you but does no damage.
The hobgoblin hits you but does no damage.
The goblin barely misses you.
You shoot an arrow. The arrow closely misses the hobgoblin.
The frilled lizard bites you but does no damage.
The goblin hits you with a +0 dagger. The hobgoblin closely misses you.
The goblin hits you but does no damage.
You shoot an arrow.
The arrow hits the hobgoblin but does no damage.
The hobgoblin is heavily wounded.
The goblin barely misses you.
The frilled lizard bites you but does no damage.
The hobgoblin misses you. The goblin hits you but does no damage.
Robin throws the goblin at you! The frilled lizard bites you.
The goblin hits you with a +0 dagger. The goblin hits you with a +0 club.
The goblin hits you but does no damage. The hobgoblin closely misses you.
You shoot an arrow. The arrow closely misses the hobgoblin.
The goblin no longer looks unusually strong. x2
The goblin hits you with a +0 club. The frilled lizard bites you.
The goblin hits you with a +0 dagger. The hobgoblin completely misses you.
The goblin barely misses you.
You shoot an arrow. The arrow hits the hobgoblin.
You kill the hobgoblin!
The goblin no longer looks unusually strong.
The goblin hits you with a +0 club.
You die...

#. .# #. .#
#.#.#####
#.......# ..
#.......#
...g##gg.....#
)..ggg%gl(...#
#@g..).#
#.g....#
#.%....#
##'##### #.#
#.# #.# #.# #.
#.#### #.


You could see Robin, a hobgoblin (strong), 7 goblins and a frilled lizard.

Vanquished Creatures
  2 worms (D:2)
  A dart slug (D:2)
  11 ball pythons
  5 endoplasms
  4 giant cockroaches (D:2)
  4 goblins
  8 hobgoblins
  4 jackals (D:1)
  7 kobolds
  A quokka (D:2)
  2 bats
  3 rats
52 creatures vanquished.

Notes
Turn   | Place    | Note
-------+----------+-------------------------------------------
     0 | D:1      | qw the Gargoyle Hunter began the quest for the Orb.
     0 | D:1      | Reached XP level 1. HP: 12/12 MP: 1/1
     0 | D:1      | 0 ||| qw: Version: 0.3-a-76-g4403597
     0 | D:1      | 0 ||| qw: Game counter: 810
     0 | D:1      | 0 ||| qw: Melee chars always use a shield: true
     0 | D:1      | 0 ||| qw: God list: Okawaru
     0 | D:1      | 0 ||| qw: Allow faded altars: false
     0 | D:1      | 0 ||| qw: Do Orc after clearing Dungeon:15 true
     0 | D:1      | 0 ||| qw: Do second Lair branch before Depths: true
     0 | D:1      | 0 ||| qw: Lair rune preference: random
     0 | D:1      | 0 ||| qw: Goals: Normal
     0 | D:1      | 0 ||| PLANNING D:1-11
    87 | D:1      | 87 ||| RETREATING.
    90 | D:1      | 90 ||| Stepping ~*~*~tactically~*~*~ (retreating).
    97 | D:1      | Reached XP level 2. HP: 17/17 MP: 2/2
   165 | D:1      | 165 ||| DROPPING +2 sling of electrocution.
   318 | D:1      | Reached XP level 3. HP: 21/21 MP: 3/3
   576 | D:1      | Reached skill level 5 in Ranged Weapons
   809 | D:1      | 809 ||| READING scroll labelled ITTIEH TIATE.
   810 | D:1      | 810 ||| READING scroll labelled ZYLEST DOMIGRO.
   811 | D:1      | 811 ||| READING scroll labelled VAYCKA LATUGG.
   814 | D:1      | 814 ||| READING scroll labelled PIGHIO JIGHOL.
   915 | D:1      | 915 ||| DROPPING scroll of butterflies.
   977 | D:2      | Found Vimyeg's Assorted Antiques.
   991 | D:2      | 991 ||| BUYING blue potion (23 gold).
   991 | D:2      | Bought a blue potion for 23 gold pieces
   991 | D:2      | 991 ||| BUYING fizzy black potion (23 gold).
   991 | D:2      | Bought a fizzy black potion for 23 gold pieces
   991 | D:2      | 991 ||| BUYING scroll labelled YGIKLY GEKAGUR (26 gold).
   991 | D:2      | Bought a scroll labelled YGIKLY GEKAGUR for 26 gold pieces
   991 | D:2      | 991 ||| SHOPLISTING scroll labelled ZEVIAT KARGHEBE (26
                  | gold, have 4).
   991 | D:2      | 991 ||| SHOPLISTING scroll of teleportation (78 gold, have
                  | 4).
  1089 | D:2      | Found Serapa's General Store.
  1101 | D:2      | 1101 ||| SHOPLISTING potion of cancellation (88 gold, have
                  | 18).
  1101 | D:2      | 1101 ||| SHOPLISTING potion of haste (110 gold, have 18).
  1114 | D:2      | Found Zifemim's Weapon Boutique.
  1120 | D:2      | 1120 ||| Stepping ~*~*~tactically~*~*~ (outnumbered).
  1122 | D:2      | 1122 ||| Stepping ~*~*~tactically~*~*~ (outnumbered).
  1130 | D:2      | Reached skill level 3 in Fighting
  1201 | D:2      | Found Tatep's Jewellery Shop.
  1206 | D:2      | 1206 ||| SHOPLISTING +4 ring of slaying (936 gold, have
                  | 32).
  1206 | D:2      | 1206 ||| SHOPLISTING amulet of reflection (360 gold, have
                  | 32).
  1206 | D:2      | 1206 ||| SHOPLISTING amulet of regeneration (360 gold, have
                  | 32).
  1206 | D:2      | 1206 ||| SHOPLISTING ring of protection from fire (300
                  | gold, have 32).
  1206 | D:2      | 1206 ||| SHOPLISTING ring of see invisible (180 gold, have
                  | 32).
  1206 | D:2      | 1206 ||| SHOPLISTING ring of willpower (300 gold, have 32).
  1326 | D:2      | Reached XP level 4. HP: 28/28 MP: 4/4
  1378 | D:2      | Noticed Robin
  1389 | D:2      | HP: 6/28 [goblin/+0 club[Robin] (4)]
  1389 | D:2      | HP: 2/28 [goblin/+0 dagger[Robin] (1)]
  1390 | D:2      | Slain by a goblin

Levels and vault maps discovered:
D:1:      mainiacjoe_arrival_reflecting_pool, layout_basic,
          minmay_shallow_snake_nest
D:2:      layout_basic, serial_shops, nicolae_book_shop_shelving,
          nicolae_shop_crystal, shop, nicolae_diamond_shop, shop,
          ebering_ecumenical_altar_webs, uniq_robin

Skill      XL: |  1  2  3 |
---------------+----------+-----
Ranged Weapons | 5 |  5.2
Fighting       | 3 |  3.0
Dodging        | |  1.5
Stealth        | |  1.1

Action                     |  1- 3 |  4- 6 || total
---------------------------+-------+-------++-------
   Fire: Shortbow          |   137 |    28 ||   165
    Use: Scroll            |     4 |       ||     4
 Armour: Leather armour    |    32 |    31 ||    63
  Dodge: Dodged            |    35 |    21 ||    56

Table legend:
 A = Non-vault XP
 B = Vault XP
 C = Vault XP percentage of total XP
 D = Non-vault monster count
 E = Vault monster count
 F = Vault count percentage of total count
                 A         B        C        D         E       F
            +---------+---------+-------+---------+---------+-------
      Total |      90 |       8 |   8.2 |      47 |       5 |   9.6
            +---------+---------+-------+---------+---------+-------
        D:1 |      37 |       5 |  11.9 |      23 |       3 |  11.5
        D:2 |      53 |       3 |   5.4 |      24 |       2 |   7.7
            +---------+---------+-------+---------+---------+-------
